 Dungeon Crawl Stone Soup version 0.31-a0-437-g7cee417757 (webtiles) character file.

Game seed: 10439448735305925830

279 AdnanSaban the Cudgeller (level 6, -4/39 HPs)
             Began as a Gargoyle Fighter on Aug 2, 2023.
             Slain by an ogre
             ... wielding a +0 giant club
              (17 damage)
             ... on level 5 of the Dungeon.
             The game lasted 00:02:51 (2667 turns).

AdnanSaban the Cudgeller (Gargoyle Fighter)         Turns: 2667, Time: 00:02:52

Health: -4/39      AC: 15    Str: 21    XL:     6   Next: 26%
Magic:  6/6        EV:  8    Int:  9    God:
Gold:   197        SH:  4    Dex:  9    Spells: 5/5 levels left

rFire   . . .        a - +0 flail
rCold   . . .        c - +0 buckler
rNeg    + . .        w - +0 chain mail
rPois   ∞            r - +0 helmet
rElec   +            (no cloak)
rCorr   .            (no gloves)
SInv    .            (no boots)
Will    .....        (no amulet) Stlth
                     (no ring)
HPRegen 0.26/turn    (no ring)
MPRegen 0.10/turn

%: no passive effects
@: no status effects
A: sickness immunity, AC +4, negative energy resistance 1, electricity
resistance, torment resistance 1, petrification resistance
a: no special abilities


You were on level 5 of the Dungeon.
You visited 1 branch of the dungeon, and saw 5 of its levels.

You collected 197 gold pieces.

Inventory:

Hand Weapons
 a - a +0 flail (weapon)
Missiles
 j - 9 poisoned darts
 s - 6 boomerangs
Armour
 c - a +0 buckler (worn)
 r - a +0 helmet (worn)
 w - a +0 chain mail (worn)
Wands
 o - a wand of flame (14)
Scrolls
 e - a scroll of enchant armour {unknown}
 g - 2 scrolls of identify {unknown}
 h - a scroll of butterflies {unknown}
 l - a scroll of silence {unknown}
 m - a scroll of poison {unknown}
 p - 3 scrolls of immolation {unknown}
 q - a scroll of blinking {unknown}
 u - a scroll of amnesia {unknown}
Potions
 d - a potion of might
 f - a potion of heal wounds {unknown}
 i - 3 potions of haste {unknown}
 k - a potion of attraction {unknown}
 n - a potion of mutation {unknown}
 t - 2 potions of resistance {unknown}
 v - a potion of magic {unknown}


   Skills:
 + Level 4.3 Fighting
 + Level 4.4 Maces & Flails
 + Level 4.2 Armour
 + Level 1.2 Dodging
 + Level 0.3 Stealth
 + Level 3.9 Shields


You had 5 spell levels left.
You didn't know any spells.
Your spell library contained the following spells:

 Spells                   Type           Power      Damage    Failure   Level
 Dazzling Flash           Conj/Hex       0%         N/A       100%        3
 Gell's Gravitas          Tloc           0%         N/A       100%        3
 Teleport Other           Tloc           0%         N/A       100%        3
 Agony                    Necr           0%         N/A       100%        5
 Silence                  Hex/Air        0%         N/A       100%        5
 Dispersal                Tloc           0%         N/A       100%        6


Dungeon Overview and Level Annotations

Branches:
Dungeon (5/15)
 Temple: D:4-7

Altars:
Elyvilon
Ru

Shops:
D:4 =?


Innate Abilities, Weirdness & Mutations

You are immune to sickness and miasma.
Your stone body is resilient. (AC +4)
You are immune to poison.
You resist negative energy. (rN+)
You are resistant to electric shocks. (rElec)
You are resistant to unholy torment.
You are immune to petrification.


Message History

Done exploring.
Done exploring.
You see here a +0 chain mail.
You start removing your armour.
You continue taking off your +0 scale mail. x4
You finish taking off your +0 scale mail.
You start putting on your armour.
You continue putting on your +0 chain mail. x5
You finish putting on your +0 chain mail.
You drop a +0 scale mail.
Done exploring.
Done exploring.
Done exploring.
Done exploring.
There is an escape hatch in the floor here.
Things that are here:
a +0 short sword; a +0 scale mail; an orc skeleton
There is a stone staircase leading down here.
You climb downwards.
Found a leather armour.
There is a stone staircase leading up here.
Found a scroll labelled OFAERA POCSUM.
You hit the ogre.
The ogre is lightly wounded.
The ogre hits you with a +0 giant club.
You hit the ogre.
The ogre is moderately wounded.
The ogre barely misses you.
You sock the ogre!
The ogre is heavily wounded.
You hit the ogre.
The ogre is severely wounded.
The ogre hits you with a +0 giant club!!
Ouch! That really hurt!
You are too injured to fight recklessly!
You are too injured to fight recklessly!
You hit the ogre but do no damage.
The ogre is severely wounded.
The ogre hits you with a +0 giant club!
You die...

.....
...### ..
.....###..
#.........
#.........
......?..
#O...#
#@.######
##........
#[<...##..
#..####
#... .....
.......
#.#..##..
#.##.. ###


You could see an ogre.

Vanquished Creatures
  A howler monkey (D:4)
  A hound (D:2)
  Ijyb (D:2)
  An iguana (D:4)
  Robin (D:3)
  5 adders
  4 worms
  6 dart slugs
  5 orcs (D:4)
  2 ball pythons
  2 endoplasms
  2 giant cockroaches
  13 goblins
  8 hobgoblins
  4 kobolds
  6 quokkas
  5 bats (D:1)
  6 frilled lizards
  5 rats
78 creatures vanquished.

Notes
Turn   | Place    | Note
-------+----------+-------------------------------------------
     0 | D:1      | AdnanSaban the Gargoyle Fighter began the quest for the
                  | Orb.
     0 | D:1      | Reached XP level 1. HP: 14/14 MP: 1/1
    92 | D:1      | Reached XP level 2. HP: 19/19 MP: 2/2
   534 | D:2      | Reached XP level 3. HP: 18/24 MP: 3/3
   826 | D:2      | Reached XP level 4. HP: 25/29 MP: 4/4
  1006 | D:3      | Noticed Ijyb
  1026 | D:2      | Killed Ijyb
  1129 | D:3      | Found a white marble altar of Elyvilon.
  1161 | D:3      | Reached XP level 5. HP: 30/33 MP: 5/5
  1166 | D:3      | Noticed Robin
  1235 | D:3      | Killed Robin
  1391 | D:3      | Found a sacrificial altar of Ru.
  1756 | D:4      | Found Ifapto Kosua's Jewellery Shoppe.
  1827 | D:4      | Reached skill level 1 in Dodging
  1842 | D:4      | Reached XP level 6. HP: 38/38 MP: 6/6
  2052 | D:4      | Found The Oracle's Delphic Readings.
  2498 | D:4      | Identified the +1 leather armour of Focus {Regen+ Dex+2}
  2660 | D:5      | Entered Level 5 of the Dungeon
  2667 | D:5      | Slain by an ogre

Illustrated notes

Levels and vault maps discovered:
D:1:      erik_arrival_triangle_small, layout_rooms
D:2:      layout_rooms
D:3:      layout_basic, mainiacjoe_overflow_24_doors,
          mainiacjoe_overflow_tiny_flanked, uniq_ijyb, uniq_robin
D:4:      layout_loops_ring, nicolae_stop_n_shop_1, nicolae_nh_oracle_at_delphi
D:5:      layout_layer_cave, nicolae_overflow_squiral,
          minmay_temple_entry_wispy, uniq_edmund, uniq_pikel

Skill      XL: |  1  2  3  4  5 |
---------------+----------------+-----
Maces & Flails | 3 4 |  4.4
Armour         | 4 |  4.2
Fighting       | 4 |  4.3
Dodging        | 1 |  1.2
Stealth        | |  0.3
Shields        | |  3.9

Action                     |  1- 3 |  4- 6 || total
---------------------------+-------+-------++-------
  Melee: Flail             |   114 |   197 ||   311
 Armour: Scale mail        |    74 |    97 ||   171
  Dodge: Dodged            |    72 |    78 ||   150
  Block: Buckler           |    19 |    50 ||    69

Table legend: (Time is in decaauts)
 A = Elapsed time spent in this place.
 B = Non-inter-level travel time spent in this place.
 C = Inter-level travel time spent in this place.
 D = Time resting spent in this place.
 E = Time spent auto-exploring this place.
 F = Levels seen in this place.
 G = Mean time per level.
                   A        B        C        D        E       F      G
               +--------+--------+--------+--------+--------+-----+--------+
         Total |   2752 |   2590 |    162 |     44 |   1820 |   5 |  550.4 |
       Dungeon |   2752 |   2590 |    162 |     44 |   1820 |   5 |  550.4 |
               +--------+--------+--------+--------+--------+-----+--------+

Top non-repeatable levels by time:
     D:4: 1097 daAuts
     D:2: 594 daAuts
     D:3: 538 daAuts
     D:1: 515 daAuts
     D:5: 7 daAuts
